[Event "Titled Tuesday Blitz May 16 Late 2023"]
[White "Samsonkin, Artiom"]
[Black "Grinev, Valeriy"]
[WhiteFideId "13503111"]
[BlackFideId "14117517"]
[WhiteElo "2524"]
[BlackElo "2366"]
[Result "1-0"]
[Round "07"]
[TimeControl "180+2"]
[Date "2023.05.16"]
[WhiteClock "0:00:18"]
[BlackClock "0:00:02"]

1. e4 c5 2. Nf3 e6 3. Nc3 a6 4. d4 cxd4 5. Nxd4 Qc7 6. Bd3 Nf6 7. Qe2 d6 8. f4 Nbd7 9. g4 g6 10. Be3 Bg7 11. O-O-O b5 12. a3 Rb8 13. g5 Nh5 14. f5 Ne5 15. fxe6 fxe6 16. Bxb5+ axb5 17. Ndxb5 Qc6 18. Rxd6 Qc4 19. Rxe6+ Bxe6 20. Nd6+ Kd7 21. Nxc4 Nxc4 22. Rd1+ Kc6 23. Bd4 Nf4 24. Qf1 Bxd4 25. Rxd4 Kc5 26. Rxc4+ Bxc4 27. Qxf4 Rbd8 28. b3 Ba6 29. Qe5+ Kb6 30. Nd5+ Ka7 31. Qc7+ Bb7 32. Ne7 Ka6 33. b4 1-0


[Site "https://www.chess.com"]

[Event "Titled Tuesday Blitz May 16 Late 2023"]
[White "Gritsenko, Nikolai"]
[Black "Naroditsky, Daniel"]
[WhiteFideId "14112493"]
[BlackFideId "2026961"]
[WhiteElo "2389"]
[BlackElo "2633"]
[Result "0-1"]
[Round "07"]
[TimeControl "180+2"]
[Date "2023.05.16"]
[WhiteClock "0:00:00"]
[BlackClock "0:00:27"]

1. d4 Nf6 2. Bg5 Ne4 3. h4 d5 4. Nd2 Nd6 5. e3 Bf5 6. g4 Bc8 7. Bf4 h5 8. g5 Bf5 9. Ngf3 e6 10. c4 Nd7 11. c5 Ne4 12. Nxe4 Bxe4 13. Bd3 Bxf3 14. Qxf3 g6 15. Qg3 Bg7 16. Bxc7 Qc8 17. Bd6 Qc6 18. a4 a6 19. b4 Bf8 20. Bf4 Bg7 21. O-O O-O 22. b5 Qc8 23. Bd6 Re8 24. Rfc1 axb5 25. axb5 Rxa1 26. Rxa1 e5 27. Ra4 exd4 28. exd4 Nf8 29. Bf4 Ne6 30. Be3 Qd8 31. Kg2 Qd7 32. Qf3 Kh8 33. Ra7 Qc8 34. c6 bxc6 35. Qxf7 Nc7 36. Bf5 Qxf5 37. Qxf5 gxf5 38. Rxc7 cxb5 39. Rb7 Re4 40. g6 Rg4+ 41. Kf3 Rxg6 42. Rxb5 Rg4 43. Rxd5 Rxh4 44. Rxf5 Kh7 45. d5 Kg6 46. Rf4 Rh1 47. Ke2 Be5 48. Re4 Kf5 49. Rc4 h4 50. Kf3 h3 51. Bf4 Bf6 52. Bg3 Rd1 53. d6 Rd3+ 54. Ke2 Rd5 55. Rf4+ Kg6 56. Re4 Ra5 57. Kf3 Rh5 58. Bh2 Rd5 59. Kg4 Rd3 0-1


[Site "https://www.chess.com"]

[Event "Titled Tuesday Blitz May 16 Late 2023"]
[White "Vlassov, Nikolai"]
[Black "Paravyan, David"]
[WhiteFideId "4103360"]
[BlackFideId "4194985"]
[WhiteElo "2324"]
[BlackElo "2563"]
[Result "0-1"]
[Round "07"]
[TimeControl "180+2"]
[Date "2023.05.16"]
[WhiteClock "0:00:12"]
[BlackClock "0:02:29"]

1. e4 e5 2. Bc4 Nf6 3. d3 c6 4. Nf3 d5 5. Bb3 Bd6 6. Nc3 O-O 7. exd5 Nxd5 8. Bxd5 cxd5 9. Nxd5 Nc6 10. O-O Bg4 11. Ne3 Bh5 12. Nf5 Qd7 13. Ng3 Bg6 14. Nh4 f5 15. Nxg6 hxg6 16. f3 Rad8 17. Ne2 e4 18. fxe4 fxe4 19. Bf4 Bc5+ 20. Kh1 exd3 21. Qxd3 Qxd3 22. cxd3 Rxd3 23. Bg5 Rf5 24. Rxf5 gxf5 25. Nf4 Rd6 26. h3 Kf7 27. Re1 Bf2 28. Re2 Bg3 0-1


[Site "https://www.chess.com"]

[Event "Titled Tuesday Blitz May 16 Late 2023"]
[White "Tang, Andrew"]
[Black "Schnaider, Ilan"]
[WhiteFideId "2059630"]
[BlackFideId "169013"]
[WhiteElo "2596"]
[BlackElo "2224"]
[Result "0-1"]
[Round "07"]
[TimeControl "180+2"]
[Date "2023.05.16"]
[WhiteClock "0:00:00"]
[BlackClock "0:00:54"]

1. d4 Nf6 2. c4 g6 3. f3 d5 4. cxd5 Nxd5 5. e4 Nb6 6. Nc3 Bg7 7. Be3 O-O 8. Qd2 e5 9. d5 c6 10. h4 cxd5 11. exd5 N8d7 12. h5 Nf6 13. hxg6 fxg6 14. Nh3 e4 15. Ng5 exf3 16. gxf3 Bf5 17. Bd3 Nfxd5 18. Bxf5 Rxf5 19. Rxh7 Qe7 20. Nce4 Nc4 21. Qd3 Ncxe3 22. Rc1 Qb4+ 23. Nd2 Re8 0-1


[Site "https://www.chess.com"]

[Event "Titled Tuesday Blitz May 16 Late 2023"]
[White "Lazavik, Denis"]
[Black "Maltsevskaya, Aleksandra"]
[WhiteFideId "13515110"]
[BlackFideId "24174041"]
[WhiteElo "2560"]
[BlackElo "2302"]
[Result "1-0"]
[Round "07"]
[TimeControl "180+2"]
[Date "2023.05.16"]
[WhiteClock "0:00:28"]
[BlackClock "0:00:00"]

1. d4 Nf6 2. c4 g6 3. g3 Bg7 4. Bg2 d6 5. Nc3 O-O 6. Nf3 Nbd7 7. O-O e5 8. e4 exd4 9. Nxd4 Nc5 10. h3 Re8 11. Re1 Bd7 12. Rb1 a5 13. b3 Qc8 14. Kh2 a4 15. b4 Ne6 16. Nxe6 Bxe6 17. Nd5 Bxd5 18. cxd5 c6 19. dxc6 bxc6 20. Qxd6 Nd5 21. Qc5 Nc3 22. Rb2 Rb8 23. e5 Nd5 24. b5 Bxe5 25. Rbe2 Rxb5 26. Qa3 Nf6 27. Qxa4 Bc3 28. Rxe8+ Nxe8 29. Rd1 Bf6 30. Qc4 Rb6 31. Be3 Ra6 32. a4 Nc7 33. Bxc6 Ne6 34. Rc1 1-0


[Site "https://www.chess.com"]

[Event "Titled Tuesday Blitz May 16 Late 2023"]
[White "Baskakov, Egor"]
[Black "Fishbein, Alexander"]
[WhiteFideId "24197866"]
[BlackFideId "2000377"]
[WhiteElo "2225"]
[BlackElo "2415"]
[Result "1-0"]
[Round "07"]
[TimeControl "180+2"]
[Date "2023.05.16"]
[WhiteClock "0:00:59"]
[BlackClock "0:00:13"]

1. e4 c5 2. Nf3 d6 3. d4 cxd4 4. Nxd4 Nf6 5. Nc3 Nc6 6. g3 g6 7. Nde2 Bg7 8. Bg2 O-O 9. O-O Bd7 10. h3 Rc8 11. a4 Na5 12. Nd5 Nc4 13. Ra2 Nxd5 14. exd5 Bf5 15. b3 Nb6 16. a5 Na8 17. Be3 a6 18. c4 Bd7 19. Re1 Re8 20. h4 Bg4 21. Qd3 Qd7 22. Nd4 Nc7 23. Kh2 e5 24. dxe6 Nxe6 25. Nxe6 Bxe6 26. Rd2 Be5 27. Bb6 Bf5 28. Qf1 Bc3 29. Rxe8+ Rxe8 30. Re2 Re5 31. Rxe5 dxe5 32. Qe2 Bd4 33. Bd5 Bxb6 34. axb6 Qe7 35. Qe3 Kg7 36. c5 h5 37. b4 Bc8 38. Qg5 f6 39. Qe3 f5 40. Qg5 Qd7 41. Bg2 Kf7 42. Qh6 Qd4 43. Qh7+ Kf6 44. Qh8+ Ke7 45. Qxc8 e4 46. Qxb7+ Kf6 47. Qc6+ 1-0


[Site "https://www.chess.com"]

[Event "Titled Tuesday Blitz May 16 Late 2023"]
[White "Novik, Maxim"]
[Black "Pakleza, Zbigniew"]
[WhiteFideId "4102924"]
[BlackFideId "1119290"]
[WhiteElo "2287"]
[BlackElo "2410"]
[Result "0-1"]
[Round "07"]
[TimeControl "180+2"]
[Date "2023.05.16"]
[WhiteClock "0:00:00"]
[BlackClock "0:00:06"]

1. d4 d6 2. e4 Nf6 3. Nc3 c6 4. f4 Qb6 5. a4 e5 6. Nf3 exd4 7. Nxd4 a5 8. Be2 Na6 9. O-O d5 10. exd5 Bc5 11. Be3 O-O 12. Kh1 Re8 13. Bg1 Qxb2 14. Rb1 Qxc3 15. Rb3 Bxd4 16. Bxd4 Qxd4 17. Qxd4 Rxe2 18. dxc6 bxc6 19. Qd8+ Re8 20. Qxa5 Be6 21. Rg3 Ne4 22. Re3 Nac5 23. Qb4 Rab8 24. Qe1 f5 25. a5 Rb2 26. Qc1 Reb8 27. Ra3 Bc4 28. Re1 h6 29. h3 Kh7 30. Qe3 Rxc2 31. Qd4 Rbb2 32. a6 Rxg2 0-1


[Site "https://www.chess.com"]

[Event "Titled Tuesday Blitz May 16 Late 2023"]
[White "cryptoguru02"]
[Black "Grigorov, Grigor"]
[BlackFideId "2907313"]
[WhiteElo "2616"]
[BlackElo "2510"]
[Result "1-0"]
[Round "07"]
[TimeControl "180+2"]
[Date "2023.05.16"]
[WhiteClock "0:00:12"]
[BlackClock "0:00:00"]

1. d4 Nf6 2. c4 e6 3. Nc3 Bb4 4. Qc2 c5 5. dxc5 O-O 6. Nf3 Na6 7. g3 Nxc5 8. Bg2 Nce4 9. O-O Bxc3 10. bxc3 d5 11. cxd5 exd5 12. Bf4 Bd7 13. Qb3 b6 14. c4 dxc4 15. Qxc4 Rc8 16. Qd4 Nc3 17. Rfe1 Bb5 18. Bf1 Nfe4 19. a4 Qxd4 20. Nxd4 Bxa4 21. f3 Nf6 22. e4 Rfd8 23. Nf5 Rd7 24. Rxa4 Nxa4 25. Bb5 Rc3 26. Bxa4 Rd8 27. Kf2 Nh5 28. Be5 Ra3 29. Rd1 Rxd1 30. Bxd1 Ra2+ 31. Be2 b5 32. Ke3 b4 33. Bc4 Ra3+ 34. Kd2 1-0


[Site "https://www.chess.com"]

[Event "Titled Tuesday Blitz May 16 Late 2023"]
[White "Rodshtein, Maxim"]
[Black "Manukyan, Sargis A."]
[WhiteFideId "2806851"]
[BlackFideId "13303970"]
[WhiteElo "2555"]
[BlackElo "2187"]
[Result "1-0"]
[Round "07"]
[TimeControl "180+2"]
[Date "2023.05.16"]
[WhiteClock "0:00:17"]
[BlackClock "0:00:16"]

1. d4 d5 2. Bf4 Nf6 3. e3 Bg4 4. f3 Bd7 5. c4 e6 6. Nc3 c5 7. cxd5 exd5 8. Nge2 cxd4 9. Nxd4 a6 10. Bd3 Nc6 11. O-O Bc5 12. Nce2 O-O 13. Rc1 Ba7 14. Kh1 h6 15. Qb3 Qb6 16. Qxb6 Bxb6 17. Nb3 Rfe8 18. Nc5 Bxc5 19. Rxc5 g5 20. Bg3 Rxe3 21. Nc1 Nb4 22. Bb1 Bb5 23. Rd1 Nc6 24. b3 a5 25. Bf2 Re6 26. Rxb5 a4 27. Rxb7 axb3 28. Nxb3 Ne5 29. Nd4 Rea6 30. Nf5 h5 31. Bd4 Nfd7 32. Ne7+ Kf8 33. Nxd5 Rd6 34. Nc7 Ra4 35. Nb5 Rd5 36. Be4 Rdxd4 37. Rxd4 Rxa2 38. Nc3 Ra3 39. Nd5 Nc5 40. Rb8+ Kg7 41. Rb1 Ne6 42. Rdd1 Nf4 43. Nxf4 gxf4 44. h4 Ra2 45. Rd5 Nc4 46. Rg5+ Kf6 47. Rf5+ Ke7 48. Re1 Ne3 49. Rg5 Kf6 50. Kh2 Ke6 51. Kh3 f6 52. Rg6 Kf7 53. Rb1 f5 54. Bxf5 Nxf5 55. Rg5 Ne3 56. Rb4 Nxg2 57. Rxg2 Ra3 58. Rxf4+ Ke6 59. Rg5 Ra2 60. Re4+ Kf6 61. Kg3 Ra6 62. Kf4 Kf7 63. Rxh5 Kg7 64. Rf5 Kh7 65. h5 Ra7 66. Kg5 Rb7 67. Re6 Rg7+ 68. Rg6 Ra7 69. Rh6+ Kg7 70. Rg6+ Kh7 71. f4 Kh8 72. h6 Kh7 73. Rg7+ Rxg7+ 74. hxg7 Kg8 75. Kf6 Kh7 76. Rh5+ Kg8 77. Rh8# 1-0


[Site "https://www.chess.com"]

[Event "Titled Tuesday Blitz May 16 Late 2023"]
[White "Bordi, Kevin"]
[Black "chess123456s"]
[WhiteFideId "621862"]
[WhiteElo "2799"]
[BlackElo "2616"]
[Result "1-0"]
[Round "07"]
[TimeControl "180+2"]
[Date "2023.05.16"]
[WhiteClock "0:02:01"]
[BlackClock "0:01:36"]

1. e4 e5 2. Nf3 Nc6 3. d4 exd4 4. Nxd4 Nf6 5. Nxc6 bxc6 6. e5 Qe7 7. Qe2 Nd5 8. c4 Ba6 9. b3 g6 10. g3 Bg7 11. Bb2 O-O 12. Bg2 Rfe8 13. O-O Bxe5 14. Qxe5 Qxe5 15. Bxe5 Rxe5 16. cxd5 cxd5 17. Rd1 c6 18. Nc3 Rae8 19. Bf1 Bxf1 20. Kxf1 Kg7 21. Rd2 f5 22. Na4 d6 23. Rc1 c5 24. Rcd1 d4 25. Nb2 R5e6 26. Nd3 a5 27. Rc2 Rb8 28. Rc4 g5 29. Ra4 Rb5 30. Nb2 d5 31. Nd3 Kf6 32. Rc1 Rc6 33. Rxd4 Ke6 34. Ra4 Kd6 35. Kg2 h5 36. h4 g4 37. Nf4 Rcb6 38. Nxh5 Ra6 39. Nf4 Rb4 40. Rxc5 Kxc5 41. Nd3+ Kb5 42. Nxb4 axb4 43. Rxa6 Kxa6 44. h5 f4 45. gxf4 g3 46. fxg3 Kb5 47. h6 Kc5 48. h7 Kd4 49. h8=Q+ Kd3 50. Qe5 d4 51. f5 Kc3 52. f6 Kb2 53. Qxd4+ Ka3 54. Qc4 Kb2 55. f7 Ka3 56. f8=Q Kb2 57. Qf2+ Ka3 58. Qa6# 1-0


[Site "https://www.chess.com"]

[Event "Titled Tuesday Blitz May 16 Late 2023"]
[White "Boor, Carl"]
[Black "Mahdavi, Reza"]
[WhiteFideId "2017008"]
[BlackFideId "12595926"]
[WhiteElo "2330"]
[BlackElo "2352"]
[Result "0-1"]
[Round "07"]
[TimeControl "180+2"]
[Date "2023.05.16"]
[WhiteClock "0:00:03"]
[BlackClock "0:02:01"]

1. d4 Nf6 2. c4 g6 3. Nc3 Bg7 4. e4 d6 5. Nge2 O-O 6. Ng3 h5 7. h4 Nc6 8. d5 Ne5 9. Bg5 c6 10. Be2 Bg4 11. Bxg4 Nfxg4 12. Qe2 Qb6 13. O-O Rfe8 14. Kh1 Qd4 15. f3 Nf6 16. f4 Nxc4 17. Rad1 Qe3 18. Qxc4 Qxg3 19. Rd3 Qg4 20. dxc6 Rac8 21. Qb3 bxc6 22. e5 Rb8 23. Qc2 dxe5 24. fxe5 Nh7 0-1


[Site "https://www.chess.com"]

[Event "Titled Tuesday Blitz May 16 Late 2023"]
[White "Denishev, Marat"]
[Black "Makridis, Dimitrios"]
[WhiteFideId "24131563"]
[BlackFideId "25864475"]
[WhiteElo "2311"]
[BlackElo "2277"]
[Result "1-0"]
[Round "07"]
[TimeControl "180+2"]
[Date "2023.05.16"]
[WhiteClock "0:00:13"]
[BlackClock "0:00:10"]

1. d4 Nf6 2. Nf3 e6 3. c4 c5 4. d5 exd5 5. cxd5 d6 6. Nc3 g6 7. h3 Bg7 8. e4 O-O 9. Bd3 Re8 10. O-O c4 11. Bc2 Na6 12. Nd4 Nc5 13. Re1 a6 14. a4 Nh5 15. Be3 Bd7 16. a5 Rc8 17. Qd2 b5 18. axb6 Qxb6 19. Rab1 Qb4 20. Bh6 Bh8 21. g4 Nf6 22. f4 a5 23. Qf2 Bxg4 24. e5 Bxh3 25. exf6 Bxf6 26. Nc6 Qb7 27. Bg5 Bg7 28. Ne7+ Rxe7 29. Rxe7 Qb4 30. Rbe1 Bd7 31. f5 Rf8 32. fxg6 hxg6 33. Bxg6 fxg6 34. Rxg7+ Kxg7 35. Re7+ Kg8 36. Qh4 Rf7 37. Bf6 Rxe7 38. Qh8+ Kf7 39. Qg7+ Ke8 40. Qg8# 1-0


[Site "https://www.chess.com"]

[Event "Titled Tuesday Blitz May 16 Late 2023"]
[White "Averjanov, Alexey"]
[Black "Spitzl, Vinzent"]
[WhiteFideId "14109867"]
[BlackFideId "12901253"]
[WhiteElo "2789"]
[BlackElo "2225"]
[Result "1/2-1/2"]
[Round "07"]
[TimeControl "180+2"]
[Date "2023.05.16"]
[WhiteClock "0:00:45"]
[BlackClock "0:00:24"]

1. d4 Nf6 2. c4 e6 3. Nf3 d5 4. e3 Be7 5. Nbd2 O-O 6. Bd3 b6 7. O-O Bb7 8. Qe2 Nbd7 9. e4 dxe4 10. Nxe4 Nxe4 11. Bxe4 Bxe4 12. Qxe4 Nf6 13. Qe2 c5 14. Rd1 Qc7 15. b3 Rfd8 16. Bb2 cxd4 17. Nxd4 Qb7 18. Rd3 Qe4 19. Re3 Qg4 20. Qxg4 Nxg4 21. Rg3 h5 22. Nc6 Bd6 23. Nxd8 Bxg3 24. hxg3 Rxd8 25. Bc3 Rd3 26. Rc1 Nf6 27. Kf1 Ne4 28. Be1 f6 29. Ke2 Rd7 30. f3 Nc5 31. Rd1 Rxd1 32. Kxd1 Kf7 33. Kc2 e5 34. b4 Nd7 35. Kd3 Ke6 36. Bf2 g5 37. a3 Kd6 38. Be3 Ke6 39. Bf2 Kd6 40. Be3 Ke6 41. Bf2 1/2-1/2


[Site "https://www.chess.com"]

[Event "Titled Tuesday Blitz May 16 Late 2023"]
[White "Fernandez Guillen, Ernesto J."]
[Black "Potapova, Margarita"]
[WhiteFideId "3512428"]
[BlackFideId "14126869"]
[WhiteElo "2429"]
[BlackElo "2244"]
[Result "1-0"]
[Round "07"]
[TimeControl "180+2"]
[Date "2023.05.16"]
[WhiteClock "0:00:15"]
[BlackClock "0:00:00"]

1. e4 c5 2. Nf3 d6 3. d4 cxd4 4. Nxd4 Nf6 5. Nc3 a6 6. Bc4 e6 7. Bb3 b5 8. f3 Be7 9. Be3 Qc7 10. g4 O-O 11. g5 Nfd7 12. Bxe6 fxe6 13. Nxe6 Qc4 14. Nd5 Bd8 15. b3 Qc6 16. Nxd8 Rxd8 17. Ne7+ Kh8 18. Nxc6 Nxc6 19. O-O Nde5 20. Bb6 Rf8 21. f4 Bg4 22. Qxd6 Nf3+ 23. Kg2 Rac8 24. Rxf3 Bxf3+ 25. Kxf3 Nb8 26. Rd1 Nc6 27. Kg4 Rfe8 28. e5 Ne7 29. h4 Ng6 30. h5 Nf8 31. f5 Rxc2 32. Rd2 Rc1 33. g6 h6 34. f6 Ne6 35. fxg7+ Nxg7 36. Qf6 Re1 37. Rd7 Re4+ 38. Kf3 Rf4+ 39. Kxf4 1-0


[Site "https://www.chess.com"]

[Event "Titled Tuesday Blitz May 16 Late 2023"]
[White "Hambleton, Aman"]
[Black "AyMitecK"]
[WhiteFideId "2606577"]
[WhiteElo "2511"]
[BlackElo "2568"]
[Result "1-0"]
[Round "07"]
[TimeControl "180+2"]
[Date "2023.05.16"]
[WhiteClock "0:00:23"]
[BlackClock "0:01:20"]

1. c4 Nf6 2. Nc3 d5 3. cxd5 Nxd5 4. e4 Nxc3 5. dxc3 g6 6. Qxd8+ Kxd8 7. Bc4 e6 8. Bf4 Nd7 9. O-O-O c6 10. Nf3 Ke8 11. h4 h6 12. Ne5 Nb6 13. Bb3 a5 14. Ng4 Bg7 15. Bc7 Nd7 16. h5 a4 17. Bc2 g5 18. e5 b5 19. Be4 Ra6 20. Rd6 Nxe5 21. Rd8+ Ke7 22. Rxh8 Bxh8 23. Nxe5 Bxe5 24. Bxe5 f6 25. Bd4 e5 26. Bc5+ Ke6 27. g4 Kf7 28. f3 Be6 29. a3 Ra8 30. Rd1 Rc8 31. Rd6 f5 32. Rxe6 fxe4 33. Rxe5 exf3 34. Rf5+ Ke6 35. Rxf3 Kd5 36. Rf5+ Ke4 37. Kd2 Rd8+ 38. Ke2 Re8 39. Bd4 c5 40. Bxc5 Rd8 41. Bd4 Re8 42. Rxb5 Kf4+ 43. Re5 Rb8 44. Re6 Rxb2+ 45. Kd3 Kxg4 46. Rxh6 Rb1 47. Rh8 Rd1+ 48. Kc2 Rh1 49. h6 Kf5 50. Rf8+ Kg6 51. Ra8 Rh2+ 52. Kd3 Kxh6 53. Rh8+ Kg6 54. Rxh2 Kf5 55. Rg2 g4 56. Rg1 Kf4 57. Kc4 Kf3 58. Kb4 g3 59. Kxa4 g2 60. Kb5 Ke4 61. a4 Kd3 62. a5 Ke2 63. a6 Kf3 64. a7 Ke4 65. Bb6 Kd3 66. c4 Ke2 67. c5 Kf3 68. c6 Ke4 69. Ka6 Kd3 70. Kb7 Ke2 71. c7 Kf3 72. Rxg2 Ke4 73. Rd2 Kf3 74. Rd4 Ke3 75. c8=Q Ke2 76. Qc3 Kf2 77. Kc6 Kf1 78. Kc5 Ke2 79. Rd2+ Kf1 80. Qc1# 1-0


[Site "https://www.chess.com"]

[Event "Titled Tuesday Blitz May 16 Late 2023"]
[White "Kuznetsov, Felix"]
[Black "Musovic, Armin"]
[WhiteFideId "34147990"]
[BlackFideId "939935"]
[WhiteElo "2281"]
[BlackElo "2322"]
[Result "1-0"]
[Round "07"]
[TimeControl "180+2"]
[Date "2023.05.16"]
[WhiteClock "0:01:06"]
[BlackClock "0:01:06"]

1. e4 c6 2. d4 d5 3. exd5 cxd5 4. Bf4 Nc6 5. c3 Nf6 6. Nd2 g6 7. Bd3 Bg7 8. Ngf3 O-O 9. O-O Re8 10. Re1 Nd7 11. Bg3 f6 12. c4 e6 13. cxd5 exd5 14. Rxe8+ Qxe8 15. Qb3 Qf7 16. Nc4 Nxd4 17. Nxd4 Nc5 18. Qc3 Nxd3 19. Nd6 Qd7 20. Qxd3 b6 21. Nxc8 Rxc8 22. Rd1 f5 23. h4 Qa4 24. Ne6 Bxb2 25. Qxd5 Qc6 26. Qb3 Qc2 27. Rd8+ Kf7 28. Ng5+ Ke7 29. Qe6+ Kxd8 30. Nf7# 1-0


[Site "https://www.chess.com"]

[Event "Titled Tuesday Blitz May 16 Late 2023"]
[White "Trost, Edvin"]
[Black "Guz, Ari"]
[WhiteFideId "1729519"]
[BlackFideId "2825759"]
[WhiteElo "2368"]
[BlackElo "2205"]
[Result "0-1"]
[Round "07"]
[TimeControl "180+2"]
[Date "2023.05.16"]
[WhiteClock "0:00:00"]
[BlackClock "0:00:19"]

1. d4 d5 2. c4 e6 3. Nf3 a6 4. Qa4+ Nd7 5. Nc3 dxc4 6. e4 c6 7. Qxc4 Qc7 8. Be3 b5 9. Qe2 Ngf6 10. Nd2 Bb7 11. g3 c5 12. Bg2 cxd4 13. Bxd4 Bc5 14. Nb3 Bxd4 15. Nxd4 O-O 16. O-O Ne5 17. Rac1 Qb6 18. Nb3 Rfd8 19. Rfd1 h6 20. h3 Nc4 21. Kh2 Rxd1 22. Rxd1 Rd8 23. Rxd8+ Qxd8 24. Nc5 Bc8 25. e5 Nd7 26. Nxd7 Qxd7 27. b3 Nb6 28. Ne4 Qd4 29. Nd6 Bd7 30. f4 Nd5 31. Qh5 g6 32. Qh4 Qf2 33. Qd8+ Kg7 34. Qxd7 Ne3 35. Qxf7+ Kh8 36. Qf8+ Kh7 37. Qe7+ Kg8 38. Qe8+ Kh7 39. Qd7+ Kg8 40. Qd8+ Kh7 41. Qc7+ Kg8 42. Qc8+ Kh7 43. Qb7+ Kg8 44. Qb8+ Kh7 45. Qa7+ Kg8 46. Qa8+ Kh7 47. Qa7+ Kg8 48. Qb8+ Kh7 49. Qc7+ Kg8 50. Qc8+ Kh7 51. Qd7+ Kg8 52. Qxe6+ Kh7 53. Qe7+ Kg8 54. Qe8+ Kh7 55. Qf7+ Kh8 56. Qf8+ Kh7 57. Qe7+ Kg8 58. Qd8+ Kh7 59. Qd7+ Kg8 60. Qc8+ Kh7 61. Qc7+ Kg8 62. Qc8+ Kh7 63. Qb7+ Kg8 64. Qa8+ Kh7 65. Qa7+ Kg8 66. Qb8+ Kh7 67. Qb7+ Kg8 68. Qb8+ Kh7 69. Qa7+ Kg8 70. Qxe3 Qxe3 71. Ne4 h5 72. Nf6+ Kg7 73. h4 Qf2 74. Nd7 Qxa2 75. Nc5 Qe2 76. b4 Qc4 77. e6 Qxb4 78. e7 Kf7 79. Nb7 Kxe7 80. Kh3 Qc3 81. Kh2 b4 0-1


[Site "https://www.chess.com"]

[Event "Titled Tuesday Blitz May 16 Late 2023"]
[White "Ivanisevic, Ivan"]
[Black "Taboas Rodriguez, Daniel"]
[WhiteFideId "912417"]
[BlackFideId "2208466"]
[WhiteElo "2592"]
[BlackElo "2365"]
[Result "0-1"]
[Round "07"]
[TimeControl "180+2"]
[Date "2023.05.16"]
[WhiteClock "0:00:00"]
[BlackClock "0:00:30"]

1. d4 Nf6 2. Nf3 g6 3. Bf4 Bg7 4. Nbd2 O-O 5. c3 b6 6. e4 Bb7 7. Qc2 c5 8. dxc5 bxc5 9. Be2 Nc6 10. O-O d5 11. exd5 Nxd5 12. Bg3 Bh6 13. Rad1 Nf4 14. Bb5 Qb6 15. a4 a6 16. Nc4 Qc7 17. Bxc6 Qxc6 18. Nce5 Qe6 19. Rfe1 Rfd8 20. Rf1 Rd5 21. Rde1 Rad8 22. c4 Rd2 23. Nxd2 Rxd2 24. Qc3 Ne2+ 25. Rxe2 Rxe2 26. Rd1 f6 27. Nd3 Qe4 28. f3 Be3+ 29. Kh1 Qxf3 30. Nf4 Rxg2 31. Rd8+ Kf7 0-1


[Site "https://www.chess.com"]

[Event "Titled Tuesday Blitz May 16 Late 2023"]
[White "Kokoszczynski, Jan"]
[Black "Bartel, Mateusz"]
[WhiteFideId "1174460"]
[BlackFideId "1112635"]
[WhiteElo "2139"]
[BlackElo "2521"]
[Result "1-0"]
[Round "07"]
[TimeControl "180+2"]
[Date "2023.05.16"]
[WhiteClock "0:00:12"]
[BlackClock "0:00:10"]

1. d4 Nf6 2. c4 Nc6 3. Nf3 e6 4. g3 Bb4+ 5. Bd2 Qe7 6. Bg2 Bxd2+ 7. Qxd2 Ne4 8. Qc2 Qb4+ 9. Kf1 d5 10. cxd5 exd5 11. Nc3 Nxc3 12. Qxc3 Qxc3 13. bxc3 Na5 14. Nd2 c6 15. e4 dxe4 16. Bxe4 Be6 17. Kg2 O-O-O 18. Rhe1 Kc7 19. Bf3 b6 20. Nb3 Nc4 21. Re2 g5 22. Rae1 h5 23. Be4 h4 24. Nc1 Nd6 25. f3 hxg3 26. hxg3 Rh3 27. Rh1 Rxh1 28. Kxh1 Nb5 29. Rc2 Na3 30. Re2 a5 31. Kg2 Bc4 32. Rd2 Nb5 33. Rc2 a4 34. Bd3 Na3 35. Re2 b5 36. Bxc4 Nxc4 37. Nd3 Kd6 38. Nc5 Rb8 39. f4 gxf4 40. gxf4 b4 41. cxb4 Rxb4 42. Re8 Ne3+ 43. Rxe3 Rxd4 44. Nb7+ Kc7 45. Nc5 Rxf4 46. Nd3 Rd4 47. Kf2 Kb6 48. Ke2 Kb5 49. Rf3 Rc4 50. Kd2 Rh4 51. Rf5+ Kb6 52. Rxf7 Rh2+ 53. Rf2 Rh1 54. Kc3 c5 55. Rf6+ Kb5 56. Rf5 Rh2 57. Rxc5+ Kb6 58. a3 Ra2 59. Kb4 Rd2 60. Rb5+ Kc6 61. Ne5+ Kc7 62. Nc4 Rd4 63. Rc5+ Kb7 64. Kxa4 Ka6 65. Kb4 Rh4 66. Rf5 Rh1 67. Rf6+ Ka7 68. a4 Rb1+ 69. Kc5 Rc1 70. a5 Kb7 71. Rf7+ Ka6 72. Rf6+ Kb7 73. Rb6+ Ka7 74. Kb5 Rb1+ 75. Kc5 Rc1 76. Rc6 Kb7 77. Rg6 Ka7 78. Rg7+ Ka6 79. Rg6+ Ka7 80. Kb4 Rb1+ 81. Ka4 Ra1+ 82. Na3 Kb7 83. Kb4 Ka7 84. Rf6 Kb7 85. a6+ Ka8 86. Nb5 Rb1+ 87. Kc5 Rc1+ 88. Kb6 Rc8 89. Nc7+ Kb8 90. a7# 1-0


[Site "https://www.chess.com"]

[Event "Titled Tuesday Blitz May 16 Late 2023"]
[White "Safin, Robert"]
[Black "Timmermans, Mark"]
[WhiteFideId "34189120"]
[BlackFideId "1026399"]
[WhiteElo "2295"]
[BlackElo "2460"]
[Result "0-1"]
[Round "07"]
[TimeControl "180+2"]
[Date "2023.05.16"]
[WhiteClock "0:00:00"]
[BlackClock "0:01:43"]

1. e4 e5 2. Nf3 Nc6 3. d4 exd4 4. Nxd4 Nf6 5. Nxc6 bxc6 6. e5 Qe7 7. Qe2 Nd5 8. c4 Nb6 9. b3 g6 10. g3 Bg7 11. Bb2 O-O 12. Bg2 Re8 13. f4 f6 14. O-O fxe5 15. fxe5 Bxe5 16. Bxe5 Qxe5 17. Qf2 Bb7 18. Qf7+ Kh8 19. Nd2 Qd4+ 20. Qf2 Qxf2+ 21. Rxf2 Rf8 22. Rxf8+ Rxf8 23. Re1 Kg7 24. Re7+ Rf7 25. Re8 d6 26. a4 a5 27. Rb8 Ba8 28. b4 Rf8 29. Rxf8 Kxf8 30. bxa5 Nxa4 31. Nb3 Ke7 32. Kf2 Bb7 33. Ke3 Kd7 34. Kf4 Ba6 35. Nd2 Nc5 36. Kg5 Nb7 37. Kh6 Nxa5 38. Kxh7 Nxc4 39. Nxc4 Bxc4 40. Kxg6 Ke6 41. h4 Bd3+ 42. Kg5 c5 43. h5 c4 44. Bh3+ Ke5 0-1


[Site "https://www.chess.com"]

[Event "Titled Tuesday Blitz May 16 Late 2023"]
[White "Weetik, Vjacheslav"]
[Black "WindWhistler11"]
[WhiteFideId "4153472"]
[WhiteElo "2469"]
[BlackElo "2528"]
[Result "1-0"]
[Round "07"]
[TimeControl "180+2"]
[Date "2023.05.16"]
[WhiteClock "0:00:04"]
[BlackClock "0:00:00"]

1. d4 Nf6 2. c4 e6 3. g3 c5 4. d5 exd5 5. cxd5 Bd6 6. Nc3 O-O 7. Nf3 Re8 8. Nd2 Bf8 9. Bg2 d6 10. O-O b6 11. a4 Ba6 12. Nb5 Qd7 13. Nc3 Qg4 14. Re1 Nbd7 15. Nb5 Bxb5 16. axb5 Qh5 17. Nc4 Ne5 18. Nxe5 Qxe5 19. Qb3 g5 20. Bd2 Ne4 21. Bxe4 Qxe4 22. Bxg5 Re5 23. Bf4 Qxd5 24. Qc2 Re4 25. Rad1 Qe6 26. Bxd6 Rc4 27. Qd2 Bg7 28. Bf4 Rb4 29. Qd3 Rxb2 30. Qf3 Re8 31. Rd6 Qf5 32. Rd5 Qe4 33. Qxe4 Rxe4 34. Rd8+ Bf8 35. Bh6 1-0


[Site "https://www.chess.com"]

[Event "Titled Tuesday Blitz May 16 Late 2023"]
[White "ArtemDyachuk"]
[Black "Bryakin, Mikhail"]
[BlackFideId "4165314"]
[WhiteElo "2521"]
[BlackElo "2467"]
[Result "1-0"]
[Round "07"]
[TimeControl "180+2"]
[Date "2023.05.16"]
[WhiteClock "0:00:06"]
[BlackClock "0:00:33"]

1. Nf3 Nf6 2. c4 g6 3. g3 Bg7 4. Bg2 O-O 5. O-O c6 6. d3 d5 7. Nbd2 Nbd7 8. Rb1 e5 9. Qc2 Qe7 10. b4 e4 11. dxe4 dxe4 12. Ng5 e3 13. Nde4 exf2+ 14. Rxf2 Ng4 15. Bf4 Nde5 16. Rff1 h6 17. Nf3 f5 18. Nc5 g5 19. Bd2 b6 20. Nd3 Ng6 21. b5 Bb7 22. c5 Rac8 23. bxc6 Bxc6 24. cxb6 axb6 25. Rxb6 Bd5 26. Qa4 Kh7 27. Rxg6 Kxg6 28. Nh4+ gxh4 29. Nf4+ Kh7 30. Bxd5 Qxe2 31. Nxe2 hxg3 32. Be6 gxh2+ 33. Kg2 Rce8 34. Bxf5+ Rxf5 35. Qxg4 Rxe2+ 36. Qxe2 Re5 37. Qxe5 Bxe5 38. Kh1 Kg6 39. a3 Bd4 40. a4 Bc3 41. Bxc3 Kh5 42. a5 Kg4 43. a6 Kh3 44. a7 h5 45. a8=Q h4 46. Qg2# 1-0


[Site "https://www.chess.com"]